 Dungeon Crawl Stone Soup version 0.30-a0-123-g91d0c66ccf (webtiles) character file.

Game seed: 5087853174265519463

2195 Flugkiller the Ducker (level 9, -8/68 HPs)
             Began as a Demonspawn Brigand on Sept 17, 2022.
             Was a Follower of Uskayaw.
             Shot with an arrow by a centaur (9 damage)
             ... on level 7 of the Dungeon.
             The game lasted 00:12:49 (9417 turns).

Flugkiller the Ducker (Demonspawn Brigand)          Turns: 9417, Time: 00:12:50

Health: -8/68      AC:  5    Str: 12    XL:     9   Next: 12%
Magic:  14/14      EV: 15    Int: 12    God:    Uskayaw [*.....]
Gold:   182        SH:  0    Dex: 19    Spells: 10/12 levels left

rFire   . . .      SeeInvis .    g - +3 dagger (speed)
rCold   . . .      Faith    .    (no shield)
rNeg    + . .      Spirit   .    b - +0 robe
rPois   +          Reflect  .    (no helmet)
rElec   .          Harm     .    k - +2 cloak {rPois}
rCorr   .          Rampage  .    (no gloves)
Will    .....                    (no boots)
Stlth   ++........               (no amulet)
HPRegen 0.21/turn                c - ring of positive energy
MPRegen 0.14/turn                (no ring)

@: about to teleport, very slow
A: ignite blood 1, powered by pain 1, sturdy frame 1, hooves 1, high MP 1
a: Renounce Religion, Stomp


You were on level 7 of the Dungeon.
You worshipped Uskayaw.
Uskayaw was noncommittal.
You visited 1 branch of the dungeon, and saw 7 of its levels.

You collected 397 gold pieces.
You spent 215 gold pieces at shops.

Inventory:

Hand Weapons
 g - a +3 dagger of speed (weapon)
   (You found it on level 1 of the Dungeon)
 B - a +0 dagger of venom
   (You took it off an orc wizard on level 6 of the Dungeon)
 D - a +0 rapier
   (You found it on level 6 of the Dungeon)
Missiles
 e - 4 curare-tipped darts
 m - 23 poisoned darts
 x - 10 boomerangs
 E - 3 throwing nets (quivered)
Armour
 b - a +0 robe (worn)
 j - the +1 scale mail "Xubozew" {rF++ rCorr Dex-2}
   (You found it on level 4 of the Dungeon)

   Dex:       It affects your dexterity (-2).
   rF:        It greatly protects you from fire.
   rCorr:     It protects you from acid and corrosion.
 k - a +2 cloak of poison resistance (worn)
   (You took it off Crazy Yiuf on level 2 of the Dungeon)
 y - a +0 buckler
   (You found it on level 5 of the Dungeon)
 C - a +0 pair of boots
   (You found it on level 6 of the Dungeon)
Jewellery
 c - a ring of positive energy (left hand)
   (You found it on level 3 of the Dungeon)
Scrolls
 n - 2 scrolls of immolation
 p - 2 scrolls of magic mapping
 w - a scroll of poison
 A - a scroll of vulnerability
 F - a scroll of brand weapon {unknown}
Potions
 a - a potion of brilliance
 f - 3 potions of flight
 h - a potion of haste
 l - a potion of attraction
 o - a potion of magic
 s - a potion of cancellation
 v - 2 potions of mutation


   Skills:
 + Level 5.1 Fighting
 + Level 5.0 Short Blades
 - Level 1.7 Throwing
 * Level 5.9 Dodging
 - Level 3.6 Stealth
 - Level 2.0 Spellcasting
 - Level 4.0 Hexes
 - Level 3.0 Ice Magic
 - Level 5.0 Invocations


You had 10 spell levels left.
You knew the following spells:

 Your Spells              Type           Power      Damage    Failure   Level
a - Ensorcelled Hibernat  Hex/Ice        18%        N/A       10%         2

Your spell library contained the following spells:

 Spells                   Type           Power      Damage    Failure   Level
 Sandblast                Erth           2%         2d4       26%         1
 Passwall                 Tmut/Erth      0%         N/A       38%         2
 Static Discharge         Conj/Air       2%         2-3/arc   38%         2
 Spider Form              Tmut/Pois      1%         N/A       63%         3
 Stone Arrow              Conj/Erth      2%         3d7       63%         3
 Anguish                  Hex/Necr       3%         N/A       75%         4
 Dispel Undead            Necr           1%         3d6       95%         4
 Sticky Flame             Conj/Fire      1%         2d3       95%         4
 Arcjolt                  Conj/Air       0%         1d10      100%        5
 Lightning Bolt           Conj/Air       0%         1d11      100%        5
 Maxwell's Capacitive Co  Air            0%         ∞         100%        8


Dungeon Overview and Level Annotations

Branches:
Dungeon (7/15) Zot: 24641  Temple (0/1) D:4

Altars:
Ashenzari
Fedhas
Makhleb
Okawaru
Qazlal
Uskayaw

Annotations:
D:4 Edmund
D:6 2 runed translucent doors, PeterMcNeter's ghost, novice GrFi


Innate Abilities, Weirdness & Mutations

Your demonic aura sometimes causes spilled blood to erupt in flames.
You sometimes gain a little power by taking damage.
Your movements are slightly less encumbered by armour. (ER -2)
You have large cloven feet.
You have an increased reservoir of magic. (+10% MP)


Message History

The orc hits you with a +0 mace.
Things that are here:
a +0 halberd; a +0 chain mail; a howler monkey corpse You see here a howler monkey corpse.
Things that are here:
a +0 short sword; 3 poisoned darts; a potion of cancellation
Things that are here:
a +0 short sword; 3 poisoned darts; a potion of cancellation The orc completely misses you.
You hit the orc. You kick the orc.
You kill the orc!
The orc warrior shoots a bolt.
The bolt hits you!
You are too injured to fight recklessly!
You feel a little less agile now.
The orc warrior shoots a bolt.
The bolt hits you!
Things that are here:
a +0 short sword; 3 poisoned darts; a potion of cancellation The orc warrior shoots a bolt.
The bolt misses you.
The orc shouts!
The orc warrior shoots a bolt.
The bolt hits you!!
* * * LOW HITPOINT WARNING * * *
You focus on the pain.
You feel your power returning.
Things that are here:
a +0 dagger; an orc corpse The orc hits you but does no damage.
The orc attacks as you move away! The orc closely misses you.
You hit the orc but do no damage. The orc hits you but does no damage.
You hit the orc but do no damage. You kick the orc, but do no damage.
You hit the orc.
The orc is severely wounded.
The orc closely misses you.
You barely miss the orc.
The orc is severely wounded.
You hit the orc but do no damage.
The orc is severely wounded.
The orc closely misses you.
You completely miss the orc. You kick the orc, but do no damage.
The orc is severely wounded.
You hit the orc.
You kill the orc!
As you read the scroll of teleportation, it crumbles to dust.
You feel strangely unstable.
The orc warrior shouts!
Your surroundings suddenly seem different.
Splash!
You fall into the shallow water.
Moving in this stuff is going to be slow.
An orc warrior, a gnoll bouda, 5 gnolls and an ogre come into view.
The orc warrior shouts!
The ogre shouts!
The gnoll shouts! x3
The gnoll bouda shouts!
The gnoll shouts! x2; You hear a shout! x3
The gnoll bouda gazes fiercely through you!
You feel your attacks grow feeble.
A gnoll comes into view. It is wielding a +0 spear.
The gnoll throws a stone.
The stone barely misses you.
You hear a shout!
Blink to where?
Press: ? - help, Dir - move target Really blink into that teleport trap?
You enter a teleport trap!
The teleport trap disappears.
Your surroundings suddenly seem different.
Splash!
You fall into the shallow water.
Moving in this stuff is going to be slow.
An orc warrior comes into view. It is wielding a +0 dire flail.
Found a helmet.
As you read the scroll of blinking, it crumbles to dust.
Unknown command.
Unknown command.
It was a potion of curing.
You feel better.
Unknown command.
A centaur comes into view. It is wielding a +0 club.
The centaur shouts!
You hit the centaur.
The centaur is lightly wounded.
Your attacks no longer feel as feeble.
You hear a shout! x2
An ogre comes into view. It is wielding a +0 giant spiked club.
The centaur hits you with a +0 club.
* * * LOW HITPOINT WARNING * * *
The centaur misses you.
You hear a shout!
As you read the scroll of teleportation, it crumbles to dust.
You feel strangely unstable. The centaur hits you with a +0 club!
* * * LOW HITPOINT WARNING * * *
The centaur kicks you but does no damage.
Okay, then.
You aren't carrying any items that you can evoke.
Unknown command.
Okay, then.
You enter the shallow water.
Moving in this stuff is going to be slow.
An orc warrior comes into view.
It is wielding a +0 dire flail and wearing a +0 chain mail of poison resistance.
The orc warrior shouts!
The centaur unwields a +0 club.
The centaur wields a +0 shortbow.
The centaur shoots an arrow.
The arrow hits you.
* * * LOW HITPOINT WARNING * * *
Unknown command.
The centaur shoots an arrow.
The arrow completely misses you.
The centaur shoots an arrow.
The arrow hits you!
You die...

#####################
≈≈≈≈≈≈≈≈≈≈≈≈≈≈≈≈≈≈≈≈≈≈≈#
≈≈≈≈~~≈≈≈≈≈≈~≈≈≈≈≈≈≈≈≈≈#
≈~~..~~≈~≈≈~.~≈≈≈≈≈≈~≈≈#
....~~....~.O.~~@~≈.≈≈≈#
...........[..o....~~≈≈#
....####...####c...~~≈≈#
... #...# #.P..~~≈~#
#...# #.......≈# #..o#
#o.####..# # # .....
...# ..# .. # ......
...' .# #. . ..# #.#


You could see 2 orc warriors, an ogre and a centaur.

Vanquished Creatures
  Prince Ribbit (D:5)
  2 orc warriors (D:7)
  2 ice beasts
  An ogre (D:5)
  A phantom (D:5)
  2 kobold brigands
  2 bullfrogs (D:6)
  A gnoll sergeant (D:6)
  2 necrophages
  3 scorpions
  4 howler monkeys
  A hound (D:5)
  Crazy Yiuf (D:2)
  A jelly (D:4)
  2 orc priests (D:7)
  A gnoll bouda (D:6)
  4 iguanas (D:5)
  2 orc wizards
  9 gnolls
  13 adders
  2 shadow imps
  3 white imps
  5 dart slugs
  18 orcs
  2 bats
  5 endoplasms
  6 giant cockroaches
  4 goblins
  11 hobgoblins
  5 jackals
  3 quokkas
  4 ball pythons
  3 frilled lizards
  12 kobolds
  9 rats
147 creatures vanquished.

Vanquished Creatures (others)
  6 fungi (D:7)
  7 plants (D:7)
13 creatures vanquished.

Grand Total: 160 creatures vanquished

Notes
Turn   | Place    | Note
-------+----------+-------------------------------------------
     0 | D:1      | Flugkiller the Demonspawn Brigand began the quest for the
                  | Orb.
     0 | D:1      | Reached XP level 1. HP: 16/16 MP: 1/1
    47 | D:1      | Reached skill level 1 in Dodging
   448 | D:1      | Found a faded altar of an unknown god.
   574 | D:1      | Gained mutation: Your movements are slightly less
                  | encumbered by armour. (ER -2) [demonic ancestry]
   574 | D:1      | Reached XP level 2. HP: 22/22 MP: 2/2
  1649 | D:2      | Reached XP level 3. HP: 24/28 MP: 3/3
  2157 | D:2      | Found a runed translucent door.
  2161 | D:2      | Learned a level 2 spell: Ensorcelled Hibernation
  2161 | D:2      | Noticed Crazy Yiuf
  2168 | D:2      | Killed Crazy Yiuf
  2169 | D:2      | Reached XP level 4. HP: 34/34 MP: 4/4
  2730 | D:3      | Found a burning altar of Makhleb.
  2735 | D:3      | Found an iron altar of Okawaru.
  2772 | D:3      | Found a blossoming altar of Fedhas.
  2772 | D:3      | Found a broken altar of Ashenzari.
  2773 | D:3      | Found a hide-covered altar of Uskayaw.
  2782 | D:3      | Became a worshipper of Uskayaw the Reveller
  2861 | D:3      | Reached * piety under Uskayaw
  2869 | D:3      | Reached skill level 1 in Hexes
  3032 | D:3      | Reached skill level 1 in Ice Magic
  3207 | D:4      | Noticed Edmund
  3265 | D:4      | Found a staircase to the Ecumenical Temple.
  3323 | D:4      | Reached skill level 1 in Spellcasting
  3323 | D:4      | Noticed a necrophage
  3326 | D:4      | Reached ** piety under Uskayaw
  3328 | D:4      | Killed a necrophage
  3329 | D:4      | Reached XP level 5. HP: 36/39 MP: 5/7
  3367 | D:4      | Gained mutation: You have large cloven feet. [potion of
                  | mutation]
  3367 | D:4      | Gained mutation: You have an increased reservoir of magic.
                  | (+10% MP) [potion of mutation]
  3657 | D:4      | Reached *** piety under Uskayaw
  3662 | D:4      | Reached **** piety under Uskayaw
  3666 | D:4      | Reached XP level 6. HP: 17/46 MP: 7/9
  4001 | D:4      | Identified the +1 scale mail "Xubozew" {rF++ rCorr Dex-2}
  4417 | D:5      | Entered Level 5 of the Dungeon
  5000 | D:5      | Found Utoloan's Magic Scroll Shop.
  5004 | D:5      | Bought a scroll of identify for 20 gold pieces
  5004 | D:5      | Bought a scroll of identify for 20 gold pieces
  5004 | D:5      | Bought a scroll of identify for 20 gold pieces
  5004 | D:5      | Bought a scroll of identify for 20 gold pieces
  5009 | D:5      | Bought a scroll of magic mapping for 75 gold pieces
  5009 | D:5      | Bought a scroll of identify for 20 gold pieces
  5009 | D:5      | Bought a scroll of immolation for 40 gold pieces
  5024 | D:5      | Reached XP level 7. HP: 28/51 MP: 6/11
  5249 | D:5      | Found a stormy altar of Qazlal.
  5280 | D:5      | Reached skill level 1 in Invocations
  5388 | D:5      | Noticed Prince Ribbit
  5449 | D:5      | Killed Prince Ribbit
  5743 | D:6      | Gained mutation: You sometimes gain a little power by
                  | taking damage. [demonic ancestry]
  5743 | D:6      | Reached XP level 8. HP: 54/60 MP: 12/12
  6372 | D:6      | Found a large runed translucent door.
  6372 | D:6      | Found a large runed translucent door.
  6374 | D:6      | Noticed PeterMcNeter's ghost (novice GrFi)
  7326 | D:6      | Reached skill level 5 in Dodging
  9152 | D:7      | Reached skill level 5 in Invocations
  9259 | D:7      | Gained mutation: Your demonic aura sometimes causes spilled
                  | blood to erupt in flames. [demonic ancestry]
  9259 | D:7      | Reached XP level 9. HP: 63/67 MP: 14/14
  9296 | D:7      | Reached skill level 5 in Fighting
  9311 | D:7      | Reached skill level 5 in Short Blades
  9416 | D:7      | HP: 1/68 [centaur/arrow (4)]
  9417 | D:7      | Shot with an arrow by a centaur

Illustrated notes

Levels and vault maps discovered:
D:1:      dpeg_arrival_ternary, layout_loops_ring,
          dreamdust_ecumenical_altar_hidden_monk_grotto, grunt_decor_clamped
D:2:      layout_basic, uniq_crazy_yiuf_cottage
D:3:      minmay_angry_zag, layout_basic,
          chequers_temple_overflow_statue_of_worship, minitemple, st_stairs_14,
          kennysheep_generic_room_11
D:4:      layout_basic, minmay_temple_entry_statues_fountains, uniq_edmund
D:5:      layout_gridville, grunt_qazlal_clouds, tso_metal_star, serial_shops,
          shop, chequers_avenue, uniq_prince_ribbit1
D:6:      layout_cave_pools, ebering_ghost_disaster_area
D:7:      kennysheep_seaside_town, layout_loops_ring

Skill      XL: |  1  2  3  4  5  6  7  8  9 |
---------------+----------------------------+-----
Short Blades   | 2 3 4 5 |  5.0
Dodging        | 1 2 3 5 |  5.9
Hexes          | 1 2 4 |  4.0
Ice Magic      | 1 2 3 |  3.0
Spellcasting   | 1 2 |  2.0
Invocations    | 3 5 |  5.0
Fighting       | 3 4 5 |  5.1
Throwing       | |  1.7
Stealth        | |  3.6

Action                   |  1- 3 |  4- 6 |  7- 9 || total
-------------------------+-------+-------+-------++-------
Melee: Dagger            |    93 |   262 |   301 ||   656
       Punch             |       |     4 |     2 ||     6
       Kick              |       |    36 |    94 ||   130
Throw: Dart              |       |     9 |    23 ||    32
       Throwing net      |       |       |     1 ||     1
 Cast: Ensorcelled Hiber |       |     4 |    29 ||    33
Invok: Stomp             |       |       |     1 ||     1
  Use: Scroll            |       |    14 |     8 ||    22
       Potion            |       |     3 |     2 ||     5
 Stab: Sleeping          |     7 |     9 |    19 ||    35
       Paralysed         |       |     1 |     6 ||     7
       Held in net/web   |       |       |     2 ||     2
       Distracted        |       |       |     1 ||     1
Armor: Robe              |    16 |    42 |    52 ||   110
Dodge: Dodged            |    32 |   119 |   185 ||   336

Table legend: (Time is in decaauts)
 A = Elapsed time spent in this place.
 B = Non-inter-level travel time spent in this place.
 C = Inter-level travel time spent in this place.
 D = Time resting spent in this place.
 E = Time spent auto-exploring this place.
 F = Levels seen in this place.
 G = Mean time per level.
                   A        B        C        D        E       F      G
               +--------+--------+--------+--------+--------+-----+--------+
         Total |   9129 |   8663 |    466 |   3744 |   3212 |   7 | 1304.1 |
       Dungeon |   9129 |   8663 |    466 |   3744 |   3212 |   7 | 1304.1 |
               +--------+--------+--------+--------+--------+-----+--------+

Top non-repeatable levels by time:
     D:6: 2154 daAuts
     D:5: 1710 daAuts
     D:1: 1384 daAuts
     D:3: 1049 daAuts
     D:7: 967 daAuts
     D:2: 958 daAuts
     D:4: 904 daAuts
